 Dungeon Crawl Stone Soup version 0.30-a0-972-gf3ab3527aa (webtiles) character file.

Game seed: 10917475572950204569

36439 Newt the Markskobold (level 14, -6/75 HPs)
             Began as a Kobold Hunter on Apr 1, 2023.
             Was an Elder of Hepliaklqana.
             Mangled by a jumping spider (14 damage)
             ... on level 2 of the Lair of Beasts.
             The game lasted 00:27:46 (15853 turns).

Newt the Markskobold (Kobold Hunter)               Turns: 15853, Time: 00:27:46

Health: -6/75      AC: 15    Str: 10    XL:     14   Next: 23%
Magic:  17/27      EV: 19    Int: 14    God:    Hepliaklqana [****..]
Gold:   1714       SH:  0    Dex: 24    Spells: 28/31 levels left

rFire   . . .      SeeInvis +    a - +1 shortbow (heavy)
rCold   + . .      Faith    .    (shield currently unavailable)
rNeg    + + .      Spirit   .    O - +1 troll leather armour
rPois   +          Reflect  .    V - +2 hat
rElec   +          Rampage  .    n - +2 cloak of Ru's Regard {rElec rN++ Dex+2 Stlth+}
rCorr   +                        (no gloves)
Will    +....                    (no boots)
Stlth   ++++                     P - amulet "Teju" {Acrobat rPois rCorr Int+4 SInv}
HPRegen 1.12/turn                Q - +4 ring of protection
MPRegen 0.20/turn                R - ring "Vulifigh" {Wiz rC+ SInv}

@: lethally poisoned (-6 -> -7)
A: reduced essence, small, no large weapons, nightstalker 3, shaggy fur 1, wild
magic 1
a: Renounce Religion, Recall Ancestor, Ancestor Identity, Transference, Idealise


You were on level 2 of the Lair of Beasts.
You worshipped Hepliaklqana.
Hepliaklqana was greatly pleased with you.
You visited 3 branches of the dungeon, and saw 17 of its levels.
You also visited: Bailey and Gauntlet.

You collected 1714 gold pieces.

Inventory:

Hand Weapons
 a - a +1 heavy shortbow (weapon)
 C - a +0 sling of flaming
Missiles
 q - 36 poisoned darts
 r - 4 throwing nets
Armour
 b - the +0 robe "Piogas Boll" {rPois rF+ Str-5}
   (You found it in a bailey)

   Str:       It affects your strength (-5).
   rF:        It protects you from fire.
   rPois:     It protects you from poison.
 c - a +1 leather armour
 h - a +0 cloak
 l - a scarf of repulsion
 n - the +2 cloak of Ru's Regard (worn) {rElec rN++ Dex+2 Stlth+}
   (You acquired it on level 12 of the Dungeon)

   Dex:       It affects your dexterity (+2).
   rElec:     It insulates you from electricity.
   rN:        It greatly protects you from negative energy.
   Stlth:     It makes you more stealthy.
 D - +0 acid dragon scales
 M - a +2 robe of cold resistance
 O - a +1 troll leather armour (worn)
 V - a +2 hat (worn)
Jewellery
 e - a ring of magical power
 i - a ring of see invisible
 j - a ring of fire
 p - a ring of fire
 w - an amulet of regeneration
 y - a ring of protection from cold
 A - a +5 ring of evasion
 F - an amulet of magic regeneration
 I - a ring of magical power
 J - a ring of positive energy
 L - a ring of ice
 P - the amulet "Teju" (around neck) {Acrobat rPois rCorr Int+4 SInv}
   (You found it in a Gauntlet)

   [amulet of the acrobat]

   It increases your evasion while moving and waiting.
   Int:       It affects your intelligence (+4).
   rPois:     It protects you from poison.
   SInv:      It lets you see invisible.
   rCorr:     It protects you from acid and corrosion.
 Q - a +4 ring of protection (left hand)
 R - the ring "Vulifigh" (right hand) {Wiz rC+ SInv}
   (You found it in a Gauntlet)

   [ring of wizardry]

   It improves your spell success rate.
   rC:        It protects you from cold.
   SInv:      It lets you see invisible.
 X - a ring of poison resistance
Wands
 t - a wand of charming (21)
 S - a wand of quicksilver (5)
Scrolls
 d - 2 scrolls of teleportation
 f - 2 scrolls of fog
 x - 2 scrolls of blinking
 G - a scroll of immolation
 W - 2 scrolls of identify
Potions
 g - 5 potions of might
 k - 2 potions of ambrosia
 m - 3 potions of degeneration
 o - 2 potions of attraction
 s - 2 potions of mutation
 u - 3 potions of curing
 z - 2 potions of haste
 B - 4 potions of berserk rage
 E - 2 potions of lignification
 H - a potion of resistance
 N - 2 potions of flight
 T - 2 potions of cancellation
 U - 2 potions of brilliance
Miscellaneous
 v - a phantom mirror (inert)
 K - a box of beasts


   Skills:
 + Level 8.6 Fighting
 - Level 20.0 Ranged Weapons
 - Level 6.0 Dodging
 - Level 1.3 Stealth
 - Level 9.0 Spellcasting
 - Level 6.8 Hexes
 - Level 6.8 Translocations
 - Level 8.0 Invocations
 - Level 5.0 Evocations


You had 28 spell levels left.
You knew the following spells:

 Your Spells              Type           Power      Damage    Failure   Level
a - Portal Projectile     Hex/Tloc       66%        N/A       1%          3

Your spell library contained the following spells:

 Spells                   Type           Power      Damage    Failure   Level
 Confusing Touch          Hex            33%        N/A       1%          3
 Gell's Gravitas          Tloc           33%        N/A       1%          3
 Teleport Other           Tloc           33%        N/A       1%          3
 Tukima's Dance           Hex            33%        N/A       1%          3
 Summon Guardian Golem    Hex/Summ       20%        N/A       7%          3
 Vhi's Electric Charge    Tloc/Air       40%        N/A       7%          3
 Kiss of Death            Conj/Necr      32%        2d7       9%          1
 Summon Small Mammal      Summ           32%        N/A       9%          1
 Kindle Blastsparks       Fire/Tloc/Air  32%        2d12      11%         3
 Static Discharge         Conj/Air       16%        2-3/arc   13%         2
 Call Canine Familiar     Summ           8%         N/A       24%         3
 Summon Forest            Summ/Tloc      10%        N/A       45%         5
 Dispersal                Tloc           16%        N/A       54%         6
 Dispel Undead            Necr           8%         3d8       56%         4
 Arcjolt                  Conj/Air       4%         1d14      87%         5
 Blade Hands              Tmut           4%         N/A       87%         5
 Plasma Beam              Fire/Air       4%         2x1d10    87%         5
 Eringya's Noxious Bog    Tmut/Pois      4%         N/A       100%        6
 Summon Hydra             Summ           4%         N/A       100%        7
 Summon Horrible Things   Summ           4%         N/A       100%        8


Dungeon Overview and Level Annotations

Branches:
Dungeon (14/15)            Temple (1/1) D:5            Lair (2/5) D:11
    Orc (0/2) D:10         Vaults (0/5) D:14         Bailey (visited)
Gauntlet (visited)
  Swamp: Lair:2-3    Shoals: Lair:2-3     Snake: Lair:2-3    Spider: Lair:2-3

Altars:
Ashenzari
Dithmenos
Elyvilon
Fedhas
Hepliaklqana
Nemelex Xobeh
Okawaru
Qazlal
Trog
Uskayaw
Vehumet
Wu Jian
Xom
Yredelemnul
Zin
The Shining One

Shops:
D:2 *

Annotations:
D:3 2 transporters, Attiram's ghost, amateur GnCA


Innate Abilities, Weirdness & Mutations

Your life essence is reduced to manifest your ancestor. (-10% HP)
You are small and have problems with some larger weapons.
You are completely attuned to the shadows.
You are covered in fur. (AC +1)
Your spells are a little harder to cast, but a little more powerful.


Message History

You magically shoot an arrow.
The arrow hits the pharaoh ant!!!
You destroy the pharaoh ant!
You feel very sick.
Unknown command.
You start resting.
You feel very sick. x2
You feel sick. x2
A water moccasin comes into view.
A jumping spider comes into view.
There are monsters nearby!
There are monsters nearby!
There are monsters nearby!
Unknown command.
Fire: a) +1 shortbow (heavy)
Press: ? - help, Shift-Dir - straight line, f - water moccasin
Aim: a water moccasin (69% to hit)
You magically shoot an arrow.
The arrow hits the water moccasin but does no damage.
You feel sick.
Thabo blocks the jumping spider's attack.
The jumping spider bites Thabo.
Fire: a) +1 shortbow (heavy)
Press: ? - help, Shift-Dir - straight line, f/p - water moccasin
Aim: a water moccasin (69% to hit)
You magically shoot an arrow.
The arrow barely misses the water moccasin.
You feel sick.
The jumping spider leaps!
The water moccasin completely misses you.
The jumping spider closely misses you. The jumping spider barely misses you.
Aiming: Phantom Mirror
Press: ? - help, Dir - move target, f - jumping spider, p - water moccasin
Aim: a jumping spider (ally target)
You reflect the jumping spider with the mirror!
The mirror clouds!
You are no longer teleporting projectiles to their destination.
You feel sick. The water moccasin closely misses you.
Thabo hits the water moccasin with a +0 flail!
Your jumping spider pounces on the jumping spider.
Your jumping spider bites the jumping spider but does no damage.
The jumping spider pounces on you!
You die...

### ##.# #... ... #..# #..#
.° .... ##.# #.#...# #.#
##.R.... #.. #.# #.†S###.
#..# #.# ##..# ###s@#.. #..#
#..
#...######s#..#####..####..
.##.P#P##P....#.#..#....##.#
............................
##..###..###..##.###..#..##
##..#######..#### #..####.
#..## #...## #...# ## ##.#
##...# ##..# #.## #P..# #.##


You could see the friendly Thabo the knight, a jumping spider (ally target), a
water moccasin and a friendly jumping spider (summoned, drained).

Vanquished Creatures
  Gastronok (Lair:1)
  Josephine (D:12)
  Fannar (D:11)
  A centaur warrior (D:13)
  Erica (Lair:1)
  2 two-headed ogres (D:14)
  A boulder beetle (D:11)
  A skeletal warrior (D:13)
  A pharaoh ant (Lair:2)
  3 deep elf pyromancers
  A necromancer (D:14)
  6 ugly things
  2 cyclopes
  A black mamba (Lair:1)
  A centaur zombie (D:12)
  3 cane toads (Lair:1)
  A gargoyle (D:10)
  6 komodo dragons
  An unseen horror (D:13)
  2 kobold demonologists (D:11)
  Maggie (D:8)
  2 efreet
  A rime drake (Lair:1)
  2 trolls
  Grinder (D:5)
  A meliai zombie (D:12)
  2 slime creatures (D:12)
  A shadow (D:6)
  2 vampires
  A ynoxinul (Gauntlet)
  7 wraiths
  A redback (Lair:2)
  A fire elemental (Gauntlet)
  A wyvern (D:9)
  10 yaks
  Grum (Bailey)
  A basilisk (D:12)
  5 vampire mosquitoes
  4 acid dragons
  3 water moccasins
  3 hell hounds (Gauntlet)
  2 sky beasts
  3 orc warriors
  4 black bears
  An ice beast (D:7)
  4 wolves (Bailey)
  5 ogres
  3 centaurs
  2 phantoms
  4 kobold brigands
  5 bullfrogs
  12 gnoll sergeants
  4 scorpions (D:5)
  7 wights
  7 killer bees
  2 electric eels (D:10)
  2 howler monkeys
  4 crimson imps (D:8)
  6 hounds
  2 jellies
  7 gnoll boudas
  3 orc priests
  Crazy Yiuf (D:7)
  4 iron imps (Gauntlet)
  3 iguanas
  9 orc wizards
  11 adders
  29 gnolls
  4 white imps
  2 ufetubi
  3 worms
  4 dart slugs
  48 orcs
  6 bats
  4 endoplasms
  A giant cockroach (D:4)
  6 goblins
  5 hobgoblins
  9 jackals
  10 kobolds
  2 quokkas (D:1)
  7 ball pythons
  4 frilled lizards
  2 rats
351 creatures vanquished.

Vanquished Creatures (collateral kills)
  A minotaur (Gauntlet)
  2 two-headed ogres
  2 skeletal warriors (D:13)
  A manticore (D:13)
  A centaur zombie (D:12)
  A kobold demonologist (D:10)
  An unseen horror (D:13)
  2 trolls
  A hornet (D:10)
  A queen bee (Gauntlet)
  A jumping spider (Lair:2)
  3 slime creatures (D:12)
  A vampire (D:12)
  4 yaks
  2 wraiths
  A basilisk (Lair:1)
  A wyvern (Lair:1)
  A vampire mosquito (D:12)
  A water moccasin (Lair:1)
  An orc warrior (D:11)
  A wolf (Bailey)
  A bullfrog (Lair:1)
  2 killer bees (Gauntlet)
  2 howler monkeys
  4 electric eels (D:10)
  A jelly (D:7)
  A boggart zombie (D:12)
  4 gnolls
  A white imp (D:8)
  6 orcs
  2 goblins (D:7)
54 creatures vanquished.

Vanquished Creatures (others)
  8 knights
  9 ancestors
  9 demonic plants (D:14)
  10 fungi
36 creatures vanquished.

Grand Total: 441 creatures vanquished

Notes
Turn   | Place    | Note
-------+----------+-------------------------------------------
     0 | D:1      | Newt the Kobold Hunter began the quest for the Orb.
     0 | D:1      | Reached XP level 1. HP: 12/12 MP: 1/1
   194 | D:1      | Reached XP level 2. HP: 18/18 MP: 2/2
   392 | D:1      | Reached XP level 3. HP: 23/23 MP: 3/3
  1018 | D:2      | Reached XP level 4. HP: 30/30 MP: 4/4
  1168 | D:2      | Found Fotwoc's General Store.
  1574 | D:2      | Reached skill level 5 in Fighting
  1690 | D:3      | Found a transporter.
  1691 | D:3      | Noticed Attiram's ghost (amateur GnCA)
  1774 | D:3      | Reached XP level 5. HP: 35/35 MP: 5/5
  1791 | D:3      | Found a transporter.
  1818 | D:3      | Reached skill level 6 in Ranged Weapons
  2063 | D:3      | Found a hide-covered altar of Uskayaw.
  2065 | D:3      | Identified the +6 falchion of Exquisite Death {drain, rCorr
                  | Dex+3}
  2145 | D:3      | Found a sparkling altar of Nemelex Xobeh.
  2145 | D:3      | Found a glowing silver altar of Zin.
  2168 | D:3      | Identified a scroll of acquirement
  2168 | D:3      | Acquired 806 gold pieces
  2400 | D:4      | Reached skill level 7 in Ranged Weapons
  2400 | D:4      | Reached XP level 6. HP: 40/40 MP: 6/6
  2438 | D:4      | Noticed a black bear
  2454 | D:3      | HP: 1/40 [black bear (4)]
  2458 | D:3      | Killed a black bear
  2459 | D:3      | Reached skill level 8 in Ranged Weapons
  2958 | D:4      | Gained mutation: You are covered in fur. (AC +1) [potion of
                  | mutation]
  2958 | D:4      | Gained mutation: Your spells are a little harder to cast,
                  | but a little more powerful. [potion of mutation]
  3027 | D:4      | Reached XP level 7. HP: 41/44 MP: 7/7
  3036 | D:4      | Found a broken altar of Ashenzari.
  3204 | D:5      | Entered Level 5 of the Dungeon
  3244 | D:5      | Noticed Grinder
  3260 | D:5      | Reached skill level 9 in Ranged Weapons
  3561 | D:5      | Reached skill level 10 in Ranged Weapons
  3571 | D:5      | Killed Grinder
  3572 | D:5      | Reached skill level 5 in Dodging
  3572 | D:5      | Reached XP level 8. HP: 17/49 MP: 8/8
  4361 | D:5      | Reached skill level 11 in Ranged Weapons
  4489 | D:5      | Found a staircase to the Ecumenical Temple.
  4807 | D:5      | Found a radiant altar of Vehumet.
  4811 | D:5      | Found a white marble altar of Elyvilon.
  4851 | D:5      | Reached skill level 12 in Ranged Weapons
  5158 | Temple   | Entered the Ecumenical Temple
  5165 | Temple   | Became a worshipper of Hepliaklqana the Forgotten
  5265 | D:6      | Reached XP level 9. HP: 54/54 MP: 9/9
  5313 | D:6      | Reached skill level 13 in Ranged Weapons
  5331 | D:6      | Reached skill level 1 in Spellcasting
  5331 | D:6      | Reached skill level 1 in Hexes
  5331 | D:6      | Reached skill level 1 in Translocations
  5432 | D:6      | Learned a level 3 spell: Portal Projectile
  5726 | D:6      | Reached * piety under Hepliaklqana
  5816 | D:6      | Found a bloodstained altar of Trog.
  6099 | D:7      | Reached XP level 10. HP: 43/53 MP: 15/15
  6310 | D:7      | Found a flagged portal.
  6317 | Bailey   | Entered a bailey
  6674 | Bailey   | Reached skill level 5 in Translocations
  6675 | Bailey   | Reached skill level 5 in Spellcasting
  6675 | Bailey   | Reached skill level 5 in Hexes
  6719 | Bailey   | HP: 1/53 [gnoll sergeant/+0 glaive (7)]
  6786 | Bailey   | Noticed Grum
  6790 | Bailey   | Killed Grum
  6845 | Bailey   | Identified the +7 great mace "Secwarei" {drain, Int+3}
  6881 | Bailey   | Identified the +0 robe "Piogas Boll" {rPois rF+ Str-5}
  7022 | D:7      | Found an iron altar of Okawaru.
  7177 | D:7      | Found a runed translucent door.
  7180 | D:7      | Noticed Crazy Yiuf
  7249 | D:7      | Killed Crazy Yiuf
  7502 | D:8      | Noticed Maggie
  7508 | D:8      | Killed Maggie
  7760 | D:8      | Reached XP level 11. HP: 33/56 MP: 20/20
  7805 | D:8      | Found a shimmering altar of Xom.
  8053 | D:8      | Found an ornate altar of the Wu Jian Council.
  8482 | D:9      | Identified the +4 war axe "Fycritt" {venom, *Noise Fly rF+
                  | Will+ Dex+3}
  8561 | D:9      | You fall into a shaft and drop 2 floors!
  8566 | D:10     | Entered Level 10 of the Dungeon
  8691 | D:10     | Found a staircase to the Orcish Mines.
  8923 | D:10     | Reached ** piety under Hepliaklqana
  8924 | D:10     | Remembered your ancestor Thabo as a knight
  9241 | D:10     | Reached skill level 1 in Evocations
  9246 | D:10     | Found a basalt altar of Yredelemnul.
  9445 | D:11     | Noticed a two-headed ogre
  9450 | D:11     | Killed a two-headed ogre
  9518 | D:11     | Noticed a white ugly thing
  9526 | D:11     | Killed a white ugly thing
  9527 | D:11     | Reached skill level 5 in Evocations
  9659 | D:11     | Noticed a cyclops
  9665 | D:11     | Killed a cyclops
  9697 | D:11     | Found a shadowy altar of Dithmenos.
  9708 | D:11     | Found a staircase to the Lair.
  9878 | D:11     | Noticed Fannar
  9892 | D:11     | Killed Fannar
  9893 | D:11     | Reached XP level 12. HP: 29/65 MP: 18/22
  9973 | D:11     | Reached skill level 14 in Ranged Weapons
 10199 | D:11     | Noticed a boulder beetle
 10219 | D:11     | Killed a boulder beetle
 10220 | D:11     | Reached skill level 15 in Ranged Weapons
 10836 | D:12     | Noticed Josephine
 10844 | D:12     | Killed Josephine
 10853 | D:12     | Reached skill level 16 in Ranged Weapons
 10853 | D:12     | Reached skill level 1 in Invocations
 10992 | D:12     | HP: 1/65 [vampire (11)]
 11124 | D:12     | Acquired the +2 cloak of Ru's Regard {rElec rN++ Dex+2
                  | Stlth+}
 11162 | D:12     | Reached skill level 5 in Invocations
 11412 | D:12     | Found an iron altar of Okawaru.
 11935 | D:12     | Reached *** piety under Hepliaklqana
 12151 | D:13     | Noticed a two-headed ogre
 12155 | D:13     | Killed a two-headed ogre
 12156 | D:13     | Reached XP level 13. HP: 70/70 MP: 23/23
 12271 | D:13     | Noticed a centaur warrior
 12278 | D:13     | Killed a centaur warrior
 12296 | D:13     | Reached skill level 17 in Ranged Weapons
 12376 | D:13     | Found a gate leading to a gauntlet.
 12382 | Gauntlet | Entered a Gauntlet
 12382 | Gauntlet | Found a transporter.
 12450 | Gauntlet | Found a runed translucent gate.
 12458 | Gauntlet | Found a transporter.
 12458 | Gauntlet | Found a runed translucent gate.
 12459 | Gauntlet | Found a runed translucent gate.
 12469 | Gauntlet | Found a transporter.
 12519 | Gauntlet | Found a transporter.
 12681 | Gauntlet | Found a transporter.
 12689 | Gauntlet | Found a transporter.
 12689 | Gauntlet | Identified the amulet "Teju" {Acrobat rPois rCorr Int+4
                  | SInv}
 12723 | Gauntlet | Found a transporter.
 12723 | Gauntlet | Found a transporter.
 12759 | Gauntlet | Found a transporter.
 12762 | Gauntlet | Found a transporter.
 12774 | Gauntlet | Found a transporter.
 12774 | Gauntlet | Found a transporter.
 12827 | Gauntlet | Identified the ring "Vulifigh" {Wiz rC+ SInv}
 12914 | Gauntlet | Identified the +8 falchion of Punishment {drain, Int-2
                  | Dex+5}
 12914 | Gauntlet | Noticed a minotaur
 12927 | Gauntlet | Killed a minotaur
 12928 | Gauntlet | Reached skill level 18 in Ranged Weapons
 12935 | Gauntlet | Got the Compilation of the Eleven Nightmares
 13848 | D:13     | HP: 1/70 [red ugly thing (12)]
 13981 | D:14     | Reached **** piety under Hepliaklqana
 14024 | D:14     | Reached skill level 19 in Ranged Weapons
 14129 | D:14     | Found a gate to the Vaults.
 14390 | Lair:1   | Entered Level 1 of the Lair of Beasts
 14535 | Lair:1   | Reached skill level 20 in Ranged Weapons
 14752 | Lair:1   | Noticed Gastronok
 14754 | Lair:1   | Noticed Erica
 14769 | Lair:1   | Killed Gastronok
 14770 | Lair:1   | Reached XP level 14. HP: 75/75 MP: 10/25
 14775 | Lair:1   | Killed Erica
 15030 | Lair:1   | Identified the +0 ring mail of Monotheism {Will+ Str+4}
 15853 | Lair:2   | Mangled by a jumping spider

Illustrated notes

Levels and vault maps discovered:
D:1:      dpeg_arrival_solitude, layout_loops_ring
D:2:      layout_rooms, serial_shops, shop
D:3:      layout_basic, chequers_temple_overflow_statue_of_worship,
          mainiacjoe_overflow_alcove_1, gammafunk_ghost_arena
D:4:      layout_basic, cheibrodos_ashenzari_chains
D:5:      layout_layer_cave, minitemple, minmay_temple_entry_enclosed_plants,
          uniq_grinder
D:6:      minmay_chambers_of_fours, layout_cave_pools,
          mainiacjoe_overflow_cross_hatched, nrook_mini_backslash
D:7:      layout_basic, marbit_many_paths, enter_bailey_3, nrook_campfire,
          uniq_crazy_yiuf_cottage
D:8:      layout_loops_ring, pdpol_wu_jian_five_deadly_venoms, led_xom_imps,
          uniq_maggie
D:9:      layout_basic, kb_lookout_dungeons_type, uniq_joseph
D:10:     layout_basic, mainiacjoe_overflow_boulevard, david_orc_2
D:11:     layout_irregular_city, lair_entry_dummy,
          nicolae_dithmenos_shadow_blocks, uniq_fannar
D:12:     layout_basic, serial_undead, serial_undead_e, serial_undead_c,
          serial_undead_f, serial_undead_f, okawaru_ov_weapons_minmay,
          uniq_josephine
D:13:     layout_rooms, gauntlet_entry_generic, hangedman_decor_clover_reticule,
          kennysheep_generic_room_9
D:14:     layout_basic, david_vaults_1, dreamdust_mushroom_princess,
          serial_demonic, serial_demonic_a, serial_demonic_f, serial_demonic_g,
          serial_demonic_b, serial_demonic_f
Temple:   nicolae_temple_ecumenical_triangle
Lair:1:   layout_misc_corridors, st_stairs_7, lemuel_fruit_tree,
          grunt_megastairs_4, uniq_erica, uniq_gastronok
Lair:2:   layout_small_grid, nicolae_spider_entry_lesser_pyramids,
          grunt_megastairs_2

Skill      XL: |  1  2  3  4  5  6  7  8  9 10 11 12 13 14 |
---------------+-------------------------------------------+-----
Fighting       | 3 4 5 8 |  8.6
Ranged Weapons | 7 8 10 12 13 16 20 | 20.0
Dodging        | 5 6 |  6.0
Spellcasting   | 3 6 7 9 |  9.0
Hexes          | 3 6 |  6.8
Translocations | 3 6 |  6.8
Evocations     | 5 |  5.0
Invocations    | 7 8 |  8.0
Stealth        | |  1.3

Action                     |  1- 3 |  4- 6 |  7- 9 | 10-12 | 13-15 || total
---------------------------+-------+-------+-------+-------+-------++-------
  Melee: Shortbow          |       |       |       |     2 |       ||     2
   Fire: Shortbow          |    88 |   135 |   336 |   530 |   289 ||  1378
   Cast: Portal Projectile |       |       |       |    19 |    21 ||    40
 Invoke: Recall Ancestor   |       |       |       |     5 |     4 ||     9
         Ancestor Life: Kn |       |       |       |     1 |       ||     1
  Evoke: Phantom mirror    |       |       |       |       |     2 ||     2
         Box of beasts     |       |       |       |       |     1 ||     1
    Use: Scroll            |     2 |     7 |    11 |     8 |     7 ||    35
         Potion            |       |     3 |     1 |     4 |     6 ||    14
 Armour: Leather armour    |    14 |    19 |    32 |    10 |       ||    75
         Robe              |       |       |       |    11 |       ||    11
         Troll leather arm |       |       |       |    19 |    35 ||    54
  Dodge: Dodged            |    41 |    61 |   211 |   324 |   135 ||   772
         Repelled          |       |       |     1 |     1 |       ||     2

Table legend: (Time is in decaauts)
 A = Elapsed time spent in this place.
 B = Non-inter-level travel time spent in this place.
 C = Inter-level travel time spent in this place.
 D = Time resting spent in this place.
 E = Time spent auto-exploring this place.
 F = Levels seen in this place.
 G = Mean time per level.
                   A        B        C        D        E       F      G
               +--------+--------+--------+--------+--------+-----+--------+
         Total |  16025 |  15103 |    922 |   2237 |   9814 |  19 |  843.4 |
       Dungeon |  13279 |  12394 |    885 |   1868 |   8216 |  14 |  948.5 |
        Temple |     12 |      7 |      5 |      0 |      3 |   1 |   12.0 |
          Lair |   1473 |   1442 |     31 |    118 |   1127 |   2 |  736.5 |
        Bailey |    692 |    692 |      0 |    186 |    244 |   1 |  692.0 |
      Gauntlet |    567 |    567 |      0 |     65 |    224 |   1 |  567.0 |
               +--------+--------+--------+--------+--------+-----+--------+

Top non-repeatable levels by time:
     D:5: 1982 daAuts
    D:12: 1653 daAuts
    D:11: 1336 daAuts
  Lair:1: 1022 daAuts
     D:3: 1004 daAuts
     D:8: 963 daAuts
    D:10: 908 daAuts
     D:6: 867 daAuts
     D:1: 847 daAuts
     D:2: 790 daAuts
    D:14: 722 daAuts
  Bailey: 692 daAuts
    D:13: 690 daAuts
     D:7: 670 daAuts
     D:4: 620 daAuts
